 Dungeon Crawl Stone Soup version 0.27.1 (webtiles) character file.

Game seed: 7442377003190198828

9006 axiom the Cleaver (level 11, 0/148 HPs)
             Began as a Minotaur Berserker on Sept 2, 2021.
             Was an Elder of Trog.
             Slain by Erolcha (18 damage)
             ... on level 9 of the Dungeon.
             The game lasted 01:37:19 (14820 turns).

axiom the Cleaver (Minotaur Berserker)             Turns: 14820, Time: 01:37:20

Health: 0/148      AC: 12    Str: 24    XL:     11   Next: 17%
Magic:  10/10      EV: 11    Int:  4    God:    Trog [****..]
Gold:   352        SH:  0    Dex: 11    Spells: 10/10 levels left

rFire    . . .     SeeInvis .   G - +2 war axe (vorpal)
rCold    . . .     Faith    .   (no shield)
rNeg     . . .     Spirit   .   h - +0 chain mail
rPois    .         Reflect  .   (helmet restricted)
rElec    .         Harm     .   (no cloak)
rCorr    .         Rampage  .   t - +0 pair of gloves
Will     .....                  (no boots)
Stlth    ..........             (no amulet)
HPRegen  0.34/turn              (no ring)
MPRegen  0.12/turn              (no ring)

@: berserking, very quick
A: horns 2, retaliatory headbutt
a: Renounce Religion, Berserk, Trog's Hand, Brothers in Arms


You were on level 9 of the Dungeon.
You worshipped Trog.
Trog was greatly pleased with you.
You visited 1 branch of the dungeon, and saw 11 of its levels.

You collected 352 gold pieces.

Inventory:

Hand Weapons
 a - a +0 hand axe
 w - a +0 flail of draining
 C - a +5 morningstar of freezing
 G - a +2 vorpal war axe (weapon)
Missiles
 c - 279 stones (quivered)
 q - a throwing net
 v - 8 atropa-tipped darts
 x - 33 poisoned darts
Armour
 g - a +0 ring mail
 h - a +0 chain mail (worn)
 n - a +0 scale mail
 t - a +0 pair of gloves (worn)
 F - a +3 plate armour
 H - +0 swamp dragon scales
 J - a +0 pair of boots
Jewellery
 i - an amulet of guardian spirit
Wands
 p - a wand of paralysis (6)
 D - a wand of iceblast (10)
 I - a wand of polymorph (10)
Scrolls
 d - a scroll of noise {unknown}
 e - 6 scrolls of identify
 k - a scroll of summoning {unknown}
 m - a scroll of fog {unknown}
 o - 2 scrolls of teleportation {unknown}
 r - a scroll of acquirement {unknown}
 y - 2 scrolls of vulnerability
 B - a scroll of torment {unknown}
 E - 2 scrolls of amnesia {unknown}
Potions
 b - a potion of berserk rage {unknown}
 f - a potion of brilliance {unknown}
 j - 3 potions of attraction
 l - 2 potions of curing
 s - 2 potions of might
 u - a potion of lignification {unknown}
 z - 2 potions of haste
 A - a potion of heal wounds
 K - a potion of cancellation {unknown}
 L - a potion of degeneration {unknown}


   Skills:
 + Level 10.0 Fighting
 * Level 13.2 Axes
 + Level 9.7 Armour
 + Level 8.9 Dodging


You had 10 spell levels left.
You didn't know any spells.
Your spell library was empty.

Dungeon Overview and Level Annotations

Branches:
Dungeon (11/15)            Temple (0/1) D:7            Lair (0/6) D:8
    Orc: D:9-12

Altars:
Fedhas
Hepliaklqana
Makhleb
Nemelex Xobeh
Qazlal
Wu Jian

Shops:
D:6 (

Annotations:
D:3 3 runed translucent doors, exclusion: door, ZARRMARR's ghost, amateur DEHu; rebdls's ghost, weakling DrFE; reversiblehash's ghost, amateur DsFi; velxir3's ghost, weakling GnWn
D:9 Erolcha


Innate Abilities, Weirdness & Mutations

You have a pair of horns on your head.
You reflexively headbutt those who attack you in melee.


Message History

Erolcha the Cunning comes into view.
She is wielding a +0 giant club.
Erolcha shouts!
Erolcha casts a spell.
Erolcha flickers and vanishes!
Deactivating autopickup; reactivate with Ctrl-A.
You closely miss something. Something hits you!
You hit something.
You hear some strange, mumbled words.
Something tries to affect you, but you resist.
You miss something. You headbutt something. Something hits you.
You barely miss something. Something hits you!!
You hit something but do no damage. Something hits you!!
* * * LOW HITPOINT WARNING * * *
You hear some strange, mumbled words.
A fireball appears from out of thin air!
The fireball explodes!
The fireball engulfs you!
* * * LOW HITPOINT WARNING * * *
There is a stone staircase leading down here.
Something hits you.
* * * LOW HITPOINT WARNING * * *
You climb downwards.
Reactivating autopickup.
The yak bellows! x5
The yak barely misses you. The yak gores you!
* * * LOW HITPOINT WARNING * * *
There is a stone staircase leading up here.
Something hits you!
* * * LOW HITPOINT WARNING * * *
Deactivating autopickup; reactivate with Ctrl-A.
You climb upwards.
Level annotation: Erolcha Reactivating autopickup.
There is a stone staircase leading down, spattered with blood here.
Press: ? - help, v - describe, . - travel
Here: a yak The floor.
A red film seems to cover your vision as you go berserk!
You feel yourself moving faster!
You feel mighty! The yak misses you. Something hits you!!
You die...

#............##........#
#..P..P................#
##...♣P......##........#
##..........##........#
##.........##........#
#........######.....#
##.......# #.....#
#.......# #.....#
#.....@.# ..
#....Y..#### ..
#..........# .#
##########.##.##
#########.....#
#...........#.#
##...........+
#..$.........#
#............#


You could see a yak.

Vanquished Creatures
  7 death yaks
  Maggie (D:6)
  Sigmund (D:5)
  2 steam dragons
  A water moccasin (D:5)
  An ice beast (D:6)
  3 orc warriors
  2 necrophages (D:8)
  3 sky beasts
  2 ogres
  A centaur (D:10)
  4 phantoms
  5 bullfrogs
  2 kobold brigands (D:8)
  Blork the orc (D:6)
  A gnoll sergeant (D:8)
  5 scorpions
  2 water moccasin zombies (D:5)
  A wyvern skeleton (D:7)
  3 wights (D:7)
  A howler monkey (D:9)
  A bullfrog zombie (D:6)
  5 hounds
  4 jellies
  3 gnoll shamans
  5 orc priests
  Natasha (thrice) (D:2)
  A bullfrog skeleton (D:6)
  Terence (D:1)
  5 iguanas
  4 orc wizards
  2 killer bee zombies (D:8)
  A mummy (D:5)
  A hound skeleton (D:4)
  19 gnolls
  A howler monkey zombie (D:6)
  4 adders
  2 shadow imps
  2 white imps
  An ufetubus (D:6)
  4 worms
  4 dart slugs
  28 orcs
  4 ball pythons
  5 bats
  5 endoplasms
  2 giant cockroaches
  3 goblins
  5 hobgoblins
  20 kobolds
  2 quokkas
  2 frilled lizards
  A hobgoblin zombie (D:5)
  2 kobold zombies (D:5)
  An orc zombie (D:5)
  7 rats
  A butterfly (D:7)
210 creatures vanquished.

Vanquished Creatures (others)
  7 plants (D:1)
7 creatures vanquished.

Grand Total: 217 creatures vanquished

Notes
Turn   | Place    | Note
-------+----------+-------------------------------------------
     0 | D:1      | axiom the Minotaur Berserker began the quest for the Orb.
     0 | D:1      | Reached XP level 1. HP: 19/19 MP: 0/0
   198 | D:1      | Reached XP level 2. HP: 24/27 MP: 1/1
   514 | D:1      | Reached skill level 4 in Axes
   844 | D:1      | Found a faded altar of an unknown god.
  1572 | D:2      | Reached XP level 3. HP: 31/33 MP: 2/2
  1593 | D:2      | Noticed Terence
  1943 | D:2      | Reached ** piety under Trog
  2088 | D:1      | Killed Terence
  2089 | D:1      | Reached XP level 4. HP: 40/40 MP: 3/3
  2221 | D:2      | Reached skill level 5 in Axes
  2289 | D:2      | Noticed Natasha
  2305 | D:2      | Killed Natasha
  2348 | D:2      | Noticed Natasha
  2357 | D:2      | Killed Natasha
  2358 | D:2      | Reached XP level 5. HP: 45/47 MP: 4/4
  2616 | D:2      | Noticed Natasha
  2622 | D:2      | Killed Natasha
  3683 | D:3      | Reached XP level 6. HP: 52/55 MP: 5/5
  3991 | D:3      | Found a runed translucent gate.
  3991 | D:3      | Found a runed translucent gate.
  3993 | D:3      | Noticed reversiblehash's ghost (amateur DsFi)
  3994 | D:3      | Noticed velxir3's ghost (weakling GnWn)
  3995 | D:3      | Noticed ZARRMARR's ghost (amateur DEHu)
  3995 | D:3      | Noticed rebdls's ghost (weakling DrFE)
  3996 | D:3      | Found a runed translucent gate.
  4086 | D:3      | Reached skill level 6 in Axes
  4263 | D:4      | Reached skill level 5 in Fighting
  4662 | D:4      | Reached XP level 7. HP: 30/61 MP: 6/6
  5321 | D:4      | Reached skill level 7 in Axes
  5809 | D:5      | Entered Level 5 of the Dungeon
  6140 | D:5      | Reached skill level 5 in Armour
  6265 | D:5      | Reached *** piety under Trog
  6773 | D:5      | Reached skill level 8 in Axes
  6773 | D:5      | Reached skill level 5 in Dodging
  6773 | D:5      | Reached XP level 8. HP: 70/70 MP: 7/7
  6891 | D:5      | Noticed Sigmund
  6927 | D:5      | Killed Sigmund
  7971 | D:5      | Reached skill level 9 in Axes
  8084 | D:6      | Found a faded altar of an unknown god.
  8425 | D:6      | Found Jaseffun's Weapon Boutique.
  8425 | D:6      | Noticed Blork the orc
  8435 | D:6      | Killed Blork the orc
  8753 | D:6      | Reached XP level 9. HP: 79/79 MP: 8/8
  9098 | D:6      | Reached skill level 10 in Axes
  9315 | D:6      | Noticed Maggie
  9457 | D:7      | Found a sparkling altar of Nemelex Xobeh.
  9990 | D:7      | Found a blossoming altar of Fedhas.
 10023 | D:7      | Found a staircase to the Ecumenical Temple.
 10063 | D:7      | Found a hazy altar of Hepliaklqana.
 10320 | D:7      | Found a burning altar of Makhleb.
 10951 | D:8      | Reached **** piety under Trog
 10952 | D:8      | Reached skill level 11 in Axes
 11202 | D:8      | Found a staircase to the Lair.
 11202 | D:8      | Noticed a death yak
 11202 | D:8      | Noticed a death yak
 11202 | D:8      | Noticed a death yak
 11202 | D:8      | Noticed a death yak
 11227 | D:7      | Killed a death yak
 11228 | D:7      | Reached XP level 10. HP: 42/90 MP: 9/9
 11527 | D:6      | Killed Maggie
 11880 | D:8      | Noticed a death yak
 11916 | D:8      | Killed a death yak
 11917 | D:8      | Reached skill level 12 in Axes
 12179 | D:8      | Noticed a death yak
 12216 | D:8      | Killed a death yak
 12223 | D:8      | Killed a death yak
 12315 | D:8      | Noticed a death yak
 12349 | D:8      | Killed a death yak
 12616 | D:8      | Killed a death yak
 12617 | D:8      | Reached skill level 13 in Axes
 12617 | D:8      | Reached XP level 11. HP: 52/99 MP: 10/10
 13043 | D:8      | Identified the +5 leather armour "Xouc" {Fly Will+ SInv}
 13154 | D:8      | Killed a death yak
 13408 | D:8      | You fall into a shaft and drop 3 floors!
 13439 | D:10     | Entered Level 10 of the Dungeon
 13610 | D:10     | Found an ornate altar of the Wu Jian Council.
 13704 | D:10     | Reached skill level 10 in Fighting
 14036 | D:8      | Found a stormy altar of Qazlal.
 14791 | D:9      | Noticed Erolcha
 14820 | D:9      | Slain by Erolcha

Illustrated notes

Levels and vault maps discovered:
D:1:      dpeg_arrival_ternary, layout_basic, dilly_ecumenical_altar_fadedgnrine
D:2:      layout_loops_ring, uniq_terence, uniq_natasha
D:3:      layout_rooms, gammafunk_ghost_cemetery, minivault_23,
          grunt_decor_one_mirror, chequers_avenue, st_stairs_5
D:4:      layout_gridville
D:5:      layout_basic, minmay_mini_ossuary, uniq_sigmund
D:6:      layout_cave_pools, serial_column_ruins, column_ruins_hut_water,
          column_ruins_temple_hall, column_ruins_corridor_corner,
          column_ruins_grid_1, column_ruins_open_tiny,
          column_ruins_corridor_water, column_ruins_open_small, serial_shops,
          shop, minmay_quadrilaterals, uniq_blork_the_orc, uniq_maggie
D:7:      layout_gridville, mainiacjoe_overflow_divided_tiny,
          mainiacjoe_overflow_concentric_impassable,
          mainiacjoe_overflow_alcove_1, minmay_temple_entry_butterflies
D:8:      layout_basic, mainiacjoe_overflow_24_doors, dpeg_lair_monsters
D:9:      layout_basic, serial_park_tiny_2, uniq_erolcha
D:10:     layout_roguey, mainiacjoe_overflow_surrounded_room,
          gammafunk_ghost_wrathful_warriors, nrook_pool_corridor
D:11:     layout_basic, minmay_orc_entry_temple_small,
          portal_ice_cave_entry_pillars_1, gauntlet_entry_generic,
          kennysheep_potato

Skill      XL: |  1  2  3  4  5  6  7  8  9 10 11 |
---------------+----------------------------------+-----
Axes           | 4 5 6 8 9 11 13 | 13.2
Fighting       | 4 5 6 7 8 9 10 | 10.0
Armour         | 3 4 5 6 8 9 |  9.7
Dodging        | 3 4 5 6 7 8 |  8.9

Action                   |  1- 3 |  4- 6 |  7- 9 | 10-12 || total
-------------------------+-------+-------+-------+-------++-------
Melee: Hand axe          |    61 |   108 |   275 |       ||   444
       Headbutt          |     9 |    26 |    78 |    35 ||   148
       Morningstar       |       |       |    65 |     7 ||    72
       War axe           |       |       |       |   129 ||   129
       Unarmed           |       |       |       |     4 ||     4
Throw: Stone             |    25 |    39 |    98 |    10 ||   172
Invok: Berserk           |     2 |     2 |     7 |     5 ||    16
       Trog's Hand       |       |       |     1 |     1 ||     2
  Use: Scroll            |       |       |     1 |     3 ||     4
Armor: Animal skin       |    10 |       |       |       ||    10
       Ring mail         |     2 |    19 |    25 |       ||    46
       Chain mail        |       |       |    83 |    35 ||   118
       Skin              |       |       |       |     1 ||     1
Dodge: Dodged            |    33 |    38 |   147 |    43 ||   261
